 Dungeon Crawl Stone Soup version 0.18.1-6-gd335043 (webtiles) character file.

5590 nikopol the Fighter (level 10, -4/93 HPs)
             Began as a Minotaur Berserker on May 19, 2016.
             Was a High Priest of Trog.
             Slain by an unseen horror (6 damage)
             ... on level 8 of the Dungeon.
             The game lasted 00:19:46 (6883 turns).

nikopol the Fighter (Minotaur Berserker)            Turns: 6883, Time: 00:19:47

Health: -4/93      AC: 19    Str: 23    XL:     10   Next: 45%
Magic:  9/9        EV: 13    Int:  4    God:    Trog [*****.]
Gold:   636        SH:  0    Dex: 15    Spells: 0 memorised, 9 levels left

rFire  . . .     SeeInvis .     A - +0 trident
rCold  + . .     Gourm    +     D - +1 chain mail {rC+}
rNeg   . . .     Faith    .     (no shield)
rPois  .         Spirit   .     (helmet restricted)
rElec  .         Dismiss  .     L - +1 cloak
rCorr  .         Reflect  .     E - +1 pair of gloves
SustAt .         Harm     .     C - +1 pair of boots
MR     .....                    r - amulet of the gourmand
Stlth  ..........               d - ring of loudness
                                n - +3 ring of dexterity

@: not resistant to hostile enchantments, extremely unstealthy
A: retaliatory headbutt, horns 2
a: Berserk, Trog's Hand, Brothers in Arms, Burn Spellbooks, Renounce Religion


You were on level 8 of the Dungeon.
You worshipped Trog.
Trog was extremely pleased with you.
You were completely stuffed.

You visited 1 branch of the dungeon, and saw 8 of its levels.
You also visited: Sewer.

You collected 636 gold pieces.

Inventory:

Hand Weapons
 A - a +0 trident (weapon)
Armour
 C - a +1 pair of boots (worn)
 D - a +1 chain mail of cold resistance (worn)
 E - a +1 pair of gloves (worn)
 L - a +1 cloak (worn)
Jewellery
 d - a ring of loudness (right hand)
 g - a cursed -3 ring of dexterity
 n - a +3 ring of dexterity (left hand)
 r - an amulet of the gourmand (around neck)
 K - the amulet "Nidaif" {RegenMP *Confuse rF+++ rN+++ MR-}
   (You found it on level 4 of the Dungeon)

   [amulet of magic regeneration]

   It increases your magic regeneration.
   It renders you almost immune to fire.
   It renders you almost immune to negative energy.
   It affects your resistance to hostile enchantments.
   It may confuse you when you take damage.
 U - an uncursed ring of flight
Wands
 a - a wand of flame (16/48)
 y - a wand of digging (12/24)
 Q - a wand of iceblast (10/15)
 T - a wand of teleportation (5/9)
Scrolls
 e - 4 scrolls of blinking {unknown}
 i - 5 scrolls of enchant armour
 o - 7 scrolls of teleportation
 s - 8 scrolls of remove curse
 u - a scroll of brand weapon {unknown}
 v - 2 scrolls of fear {unknown}
 B - 3 scrolls of fog {unknown}
 J - a scroll of immolation {unknown}
 N - 2 scrolls of identify
 O - 3 scrolls of enchant weapon {unknown}
 S - a scroll of random uselessness {unknown}
Potions
 h - 2 potions of cure mutation
 j - a potion of magic {unknown}
 k - 9 potions of heal wounds
 l - 4 potions of flight
 p - 9 potions of curing
 q - 2 potions of might
 w - a potion of invisibility
 x - 3 potions of agility
 z - 2 potions of cancellation
 G - 2 potions of berserk rage {unknown}
 I - 4 potions of degeneration {unknown}
 M - a potion of brilliance {unknown}
 P - a potion of beneficial mutation {unknown}
Comestibles
 b - 5 chunks of flesh
 c - 5 bread rations
 f - 10 fruits
 m - a slice of pizza
 F - a royal jelly
 H - 4 beef jerkies
 R - 2 meat rations


   Skills:
 + Level 10.2 Fighting
 + Level 10.0 Polearms
 + Level 9.5 Armour
 + Level 8.9 Dodging


You had 9 spell levels left.
You didn't know any spells.

Dungeon Overview and Level Annotations

Branches:
Dungeon (8/15)             Temple (0/1) D:4
   Lair: D:8-11

Altars:
Elyvilon
Fedhas
Gozag
Kikubaaqudgha
Makhleb
Nemelex Xobeh
Okawaru
Ru


Innate Abilities, Weirdness & Mutations

You reflexively headbutt those who attack you in melee.
You have a pair of horns on your head.


Message History

a dagger; a robe Something hits you but does no damage.
Something hits you but does no damage. Something hits you but does no damage.
Something hits you but does no damage. Something barely misses you.
Something hits you.
* * * LOW HITPOINT WARNING * * *
Something hits you but does no damage. Something hits you.
* * * LOW HITPOINT WARNING * * *
Something hits you!
* * * LOW HITPOINT WARNING * * *
Something barely misses you. Something hits you but does no damage.
Something hits you.
* * * LOW HITPOINT WARNING * * *
Something hits you but does no damage. Something hits you.
You die...

#..#####.....................#
#....(..............[........#
.
..>#####..#.####..#.........##
# ##.# ##..#.##...###.......##
###..####......#....#
##.#.####
................(...####.#.#
...........................#
........#.................##
................@.........#
........##...............##
........###...##.........#
...#....# #.# ##.#...#..#
.#.#....### #..#.###..#
##.#........ #.#..# #..#
........########.#.## #..#
........##.....#.#.# #..#
...............#.#.####..##


There were no monsters in sight!

Vanquished Creatures
  A queen ant (D:8)
  Pikel (D:6)
  The ghost of Tux the Grappler, a novice VSMo (D:6)
  Prince Ribbit (D:5)
  Sigmund (D:2)
  Menkaure (D:5)
  10 soldier ants (D:8)
  Duvessa (D:6)
  A phantom (D:3)
  An ice beast (D:8)
  A slave (D:6)
  3 ogres
  The ghost of Scarto the Skirmisher, an amateur DsBe of Trog (Sewer)
  3 centaurs
  A big kobold (D:7)
  A giant frog (D:8)
  A gnoll sergeant (D:7)
  Dowan (D:6)
  2 scorpions
  2 howler monkeys
  A crimson imp (D:6)
  3 hounds
  Crazy Yiuf (D:6)
  A giant frog skeleton (D:5)
  6 orc wizards
  A centaur skeleton (D:4)
  2 orc priests
  Jessica (D:2)
  22 worker ants
  12 gnolls
  A worker ant zombie (D:7)
  11 adders
  A river rat (D:5)
  2 shadow imps
  3 oozes
  2 adder zombies
  2 worms
  A dart slug (D:1)
  3 giant geckos
  18 orcs
  8 giant cockroaches
  14 goblins
  8 hobgoblins
  8 jackals
  9 quokkas
  4 ball pythons
  7 bats
  5 giant newts
  2 jackal skeletons
  32 kobolds
  17 rats
  A fungus (D:4)
244 creatures vanquished.

Vanquished Creatures (others)
  An iguana (D:6)
  4 fungi (D:4)
5 creatures vanquished.

Grand Total: 249 creatures vanquished

Notes
Turn   | Place    | Note
--------------------------------------------------------------
     0 | D:1      | nikopol the Minotaur Berserker began the quest for the Orb.
     0 | D:1      | Reached XP level 1. HP: 19/19 MP: 0/0
   221 | D:1      | Reached XP level 2. HP: 25/27 MP: 1/1
   391 | D:1      | Reached ** piety under Trog
   600 | D:1      | Reached XP level 3. HP: 33/33 MP: 2/2
   939 | D:2      | Noticed Sigmund
   949 | D:2      | Killed Sigmund
   949 | D:2      | Reached skill level 5 in Fighting
   949 | D:2      | Reached skill level 5 in Polearms
   949 | D:2      | Reached XP level 4. HP: 42/42 MP: 3/3
   949 | D:2      | Reached XP level 5. HP: 48/48 MP: 4/4
  1065 | D:2      | Found an ancient bone altar of Kikubaaqudgha.
  1116 | D:2      | Noticed Jessica
  1123 | D:2      | Killed Jessica
  1123 | D:2      | Reached *** piety under Trog
  1123 | D:2      | Reached XP level 6. HP: 56/56 MP: 5/5
  1257 | D:2      | Found an iron altar of Okawaru.
  1630 | D:2      | Reached **** piety under Trog
  2019 | D:3      | Reached XP level 7. HP: 62/62 MP: 6/6
  2375 | D:3      | Found a sacrificial altar of Ru.
  2381 | D:3      | Found a blossoming altar of Fedhas.
  2406 | D:3      | Found an opulent altar of Gozag.
  2536 | D:4      | Found a sparkling altar of Nemelex Xobeh.
  2580 | D:4      | Reached skill level 5 in Armour
  2928 | D:4      | Found a staircase to the Ecumenical Temple.
  2964 | D:4      | Reached skill level 5 in Dodging
  3069 | D:4      | Got a brightly glowing copper amulet
  3445 | D:5      | Entered Level 5 of the Dungeon
  3473 | D:5      | Noticed Prince Ribbit
  3481 | D:5      | Noticed Menkaure
  3482 | D:5      | Reached ***** piety under Trog
  3484 | D:5      | Killed Prince Ribbit
  3484 | D:5      | Reached XP level 8. HP: 45/71 MP: 7/7
  3490 | D:5      | Killed Menkaure
  3572 | D:5      | Found a glowing drain.
  3576 | Sewer    | Entered a sewer
  3580 | Sewer    | Noticed Scarto's ghost (amateur DsBe)
  3586 | Sewer    | Killed Scarto's ghost
  4654 | D:6      | Noticed Pikel
  4674 | D:6      | Killed Pikel
  4674 | D:6      | Reached XP level 9. HP: 82/82 MP: 8/8
  4750 | D:6      | Noticed Tux's ghost (novice VSMo)
  4761 | D:6      | Killed Tux's ghost
  4794 | D:6      | Noticed Duvessa
  4797 | D:6      | Noticed Dowan
  4803 | D:6      | Killed Duvessa
  4806 | D:6      | Killed Dowan
  4912 | D:6      | Found a burning altar of Makhleb.
  5076 | D:6      | Noticed Crazy Yiuf
  5084 | D:6      | Killed Crazy Yiuf
  5111 | D:6      | Identified the amulet "Nidaif" {RegenMP *Confuse rF+++ rN+++ MR-} (You found it on level 4 of the Dungeon)
  5768 | D:7      | Found a white marble altar of Elyvilon.
  6281 | D:8      | Reached XP level 10. HP: 52/91 MP: 9/9
  6449 | D:8      | Noticed a queen ant
  6466 | D:8      | Killed a queen ant
  6470 | D:8      | Reached skill level 10 in Fighting
  6609 | D:8      | Reached skill level 10 in Polearms
  6878 | D:8      | HP: 2/93 [something (8)]
  6883 | D:8      | Slain by an unseen horror

Skill      XL: |  1  2  3  4  5  6  7  8  9 10 |
---------------+-------------------------------+-----
Fighting       | 4 5 6 8 9 10 | 10.2
Polearms       | 4 5 6 8 9 10 | 10.0
Armour         | 3 4 5 7 8 9 |  9.5
Dodging        | 3 4 5 6 8 |  8.9

Action                   |  1- 3 |  4- 6 |  7- 9 | 10-12 || total
-------------------------+-------+-------+-------+-------++-------
Melee: Spear             |    90 |   154 |       |       ||   244
       Headbutt          |    14 |    26 |    93 |    28 ||   161
       Trident           |       |     8 |   422 |    89 ||   519
Invok: Berserk           |     1 |     2 |     4 |     1 ||     8
Evoke: Wand              |       |     1 |       |       ||     1
  Use: Scroll            |       |     2 |    15 |       ||    17
 Stab: Sleeping          |     2 |       |       |       ||     2
  Eat: Chunk             |       |     7 |    40 |     3 ||    50
Armor: Animal skin       |     8 |       |       |       ||     8
       Chain mail        |     4 |    61 |   152 |   122 ||   339
Dodge: Dodged            |    38 |    51 |   153 |    54 ||   296
